 Dungeon Crawl Stone Soup version 0.31.0-12-g77e489cdc1 (webtiles) character file.

Game seed: 8313431698672871786

88 lordive the Slasher (level 4, -7/31 HPs)
             Began as an Octopode Monk on Mar 2, 2024.
             Mangled by an iguana (14 damage)
             ... on level 3 of the Dungeon.
             The game lasted 00:03:28 (1806 turns).

lordive the Slasher (Octopode Monk)                 Turns: 1806, Time: 00:03:28

Health: -7/31      AC:  1    Str: 12    XL:     4   Next: 53%
Magic:  4/4        EV: 14    Int: 12    God:
Gold:   35         SH:  0    Dex: 14    Spells: 3/3 levels left

rFire   . . .        a - +0 falchion
rCold   . . .        (no shield)
rNeg    . . .        (helmet restricted)
rPois   .            (no amulet)
rElec   .            (no ring)
rCorr   .            (no ring)
SInv    .            (no ring)
Will    .....        (no ring)
Stlth   +++          (no ring)
HPRegen 0.25/turn    (no ring)
MPRegen 0.09/turn    (no ring)
                     (no ring)

%: no passive effects
@: lethally poisoned (-7 -> -9)
A: almost no armour, amphibious, 8 rings, camouflage 1, gelatinous body 1,
(nimble swimmer 1), tentacles
a: no special abilities


You were on level 3 of the Dungeon.
You visited 1 branch of the dungeon, and saw 3 of its levels.

You collected 83 gold pieces.
You spent 48 gold pieces at shops.

Inventory:

Hand Weapons
 a - a +0 falchion (weapon)
Jewellery
 c - a ring of resist corrosion
 h - an amulet of reflection
 l - an amulet of guardian spirit
Scrolls
 d - a scroll of revelation {unknown}
 e - a scroll of immolation {unknown}
 g - a scroll of brand weapon {unknown}
 j - a scroll of poison {unknown}
 m - 6 scrolls of noise {unknown}
Potions
 b - a potion of ambrosia
 f - 2 potions of brilliance
 i - a potion of mutation
 k - a potion of enlightenment
 n - a potion of haste


   Skills:
 + Level 3.3 Fighting
 * Level 4.2 Long Blades
 + Level 3.4 Dodging
 + Level 2.3 Stealth


You had 3 spell levels left.
You didn't know any spells.
Your spell library was empty.

Dungeon Overview and Level Annotations

Branches:
Dungeon (3/15)

Altars:

Shops:
D:2 ?


Innate Abilities, Weirdness & Mutations

You cannot wear most types of armour.
You are amphibious.
You can wear up to eight rings at the same time.
Your skin changes colour to match your surroundings (Stealth+).
Your rubbery body absorbs attacks. (AC +1, EV +1)
((You are camouflaged when in or above water. (Stealth+)))
You have tentacles for arms and can constrict up to eight enemies at once.


Message History

You are more poisoned.
The adder poisons you! The adder closely misses you.
You bump into the rock wall.
You feel sick. The adder bites you.
You feel sick. The adder bites you.
You are lethally poisoned!
The adder poisons you!
You bump into the rock wall.
You feel very sick. The adder barely misses you.
You bump into the rock wall.
You feel sick. The adder bites you.
You are lethally poisoned!
The adder poisons you!
You feel very sick. The adder misses you.
You closely miss the adder.
You feel sick. The adder bites you.
You are more poisoned.
The adder poisons you! The adder closely misses you.
You feel less invigorated.
You feel less confused.
You feel very sick. The adder attacks as it pursues you!
The adder bites you but does no damage.
You hit the adder. You grab the adder. You squeeze the adder.
The adder is heavily wounded.
You constrict the adder.
You feel sick. The adder bites you. x2
You hit the adder.
The adder is almost dead.
You constrict the adder.
You kill the adder!
You feel sick.
You barely miss the hobgoblin. Your grab misses the hobgoblin.
You feel sick. The hobgoblin misses you.
You hit the hobgoblin. You grab the hobgoblin.
The hobgoblin is almost dead.
You constrict the hobgoblin.
You kill the hobgoblin!
You feel sick.
You hit the iguana. You grab the iguana.
The iguana is severely wounded.
You constrict the iguana.
You feel sick. The iguana bites you!
You die...

#.....####...
#.....# ###
#.....# #.....#
#.....#########
#...lS.........
####.##.######
#.##...####
#Sl@.......
####.#.####
..... ......
.......#
........#
....... .......


You could see an iguana and a ball python.

Vanquished Creatures
  2 adders
  2 dart slugs
  A ribbon worm (D:2)
  9 endoplasms
  2 giant cockroaches (D:1)
  3 hobgoblins
  8 jackals
  3 kobolds
  9 ball pythons
  5 bats
  2 frilled lizards
  5 goblins
  6 rats
57 creatures vanquished.

Notes
Turn   | Place    | Note
-------+----------+-------------------------------------------
     0 | D:1      | lordive the Octopode Monk began the quest for the Orb.
     0 | D:1      | Reached XP level 1. HP: 16/16 MP: 1/1
   100 | D:1      | Reached XP level 2. HP: 20/21 MP: 2/2
   448 | D:1      | Reached XP level 3. HP: 20/26 MP: 3/3
   876 | D:1      | Reached skill level 1 in Stealth
  1293 | D:2      | Reached XP level 4. HP: 31/31 MP: 4/4
  1322 | D:2      | Reached skill level 4 in Long Blades
  1682 | D:2      | Found Afritani's Magic Scroll Emporium.
  1694 | D:2      | Bought a scroll of identify for 24 gold pieces
  1697 | D:2      | Bought a scroll of identify for 24 gold pieces
  1806 | D:3      | Mangled by an iguana

Illustrated notes

Levels and vault maps discovered:
D:1:      giann_wishing_wells, layout_basic, serial_bayou_ford_a,
          hangedman_feature_mirror
D:2:      layout_loops_ring, serial_shops, shop_scrolls
D:3:      cheibrodos_helix_gallery, layout_basic,
          nicolae_overflow_crystal_walls, chequers_serial_rivers_small_b,
          uniq_robin

Skill      XL: |  1  2  3  4 |
---------------+-------------+-----
Stealth        | 1 2 |  2.3
Long Blades    | 4 |  4.2
Fighting       | |  3.3
Dodging        | |  3.4

Action                     |  1- 3 |  4- 6 || total
---------------------------+-------+-------++-------
  Melee: Falchion          |    80 |    35 ||   115
         Constrict         |    14 |    11 ||    25
         Tentacles         |    12 |     6 ||    18
         Punch             |     1 |     1 ||     2
    Use: Scroll            |       |     4 ||     4
         Potion            |       |     1 ||     1
   Stab: Sleeping          |    14 |     3 ||    17
 Armour: Skin              |    43 |    31 ||    74
  Dodge: Dodged            |    54 |    19 ||    73
